Map: King Sejong Station LE

Players

CapsLock

  • Race: Terran Terran
  • League: Diamond

TCLegacy - Winner!

  • Race: Terran Terran
  • League: Diamond

VOD

Have the link to the VOD?

Description

Time

  • Played on: Oct. 26, 2016, 8:15 p.m.
  • Length: 15:34
Show
View Real Time Build Order
Export as new Build Order

CapsLock Terran 

Build Orders: MMM Bio 

Get SALT Encoding   

  12  0:01  SCV  
  13  0:13  SCV  
  14  0:18  Supply Depot  
  14  0:25  SCV  
  15  0:39  SCV  
  15  0:40  Barracks  
  16  0:48  Refinery  
  16  0:51  SCV  
  17  1:03  Barracks  
  17  1:04  SCV  
  18  1:16  SCV  
  19  1:30  Orbital Command  
  19  1:31  Reaper  
  20  1:33  Supply Depot  
  20  1:51  Reaper  
  21  1:56  SCV  
  22  2:07  Command Center, Unknown  
  22  2:10  Reaper  
  22  2:14  Refinery  
  23  2:16  SCV  
  24  2:29  SCV  
  26  2:39  Bunker  
  25  2:46  Barracks Tech Lab  
  25  2:48  SCV, Barracks Reactor  
  25  3:03  SCV  
  26  3:05  Supply Depot  
  26  3:09  Stimpack  
  26  3:19  Unknown, Orbital Command  
  25  3:44  SCV x2  
  27  3:53  Factory  
  27  3:56  SCV  
  27  3:57  SCV, Barracks  
  27  4:02  Marine x2  
  30  4:08  SCV  
  30  4:09  SCV  
  32  4:14  Supply Depot  
  32  4:15  Engineering Bay  
  32  4:20  SCV, Refinery  
  32  4:21  SCV  
  33  4:32  SCV  
  33  4:33  SCV  
  34  4:41  Marine  
  34  4:42  Supply Depot, Marine  
  34  4:44  SCV  
  34  4:45  SCV, Marine  
  38  4:46  Marine  
  38  4:48  Terran Infantry Weapons Level 1, Hellion  
  38  4:52  Supply Depot  
  42  4:56  SCV  
  42  4:57  SCV  
  43  5:09  SCV  
  43  5:12  Factory Tech Lab  
  44  5:14  Barracks Reactor  
  44  5:15  Combat Shields  
  44  5:16  SCV  
  44  5:19  Marine  
  44  5:20  Marine  
  47  5:25  SCV  
  47  5:26  Starport  
  49  5:28  SCV  
  49  5:29  Barracks  
  49  5:32  Engineering Bay  
  49  5:34  Siege Tank  
  49  5:35  Armory  
  52  5:37  SCV  
  52  5:40  SCV  
  54  5:43  Refinery  
  55  5:50  SCV, Marine x2  
  55  5:52  Marauder  
  59  5:57  Terran Infantry Armor Level 1  
  59  6:02  SCV  
  59  6:03  SCV  
  61  6:06  Missile Turret  
  61  6:14  SCV, Siege Tank  
  61  6:16  Medivac, Viking  
  69  6:20  Barracks Reactor  
  69  6:23  Barracks Tech Lab  
  69  6:24  Marine x2  
  71  6:26  SCV  
  71  6:30  SCV  
  73  6:33  Concussive Shells  
  73  6:38  SCV, Command Center, Unknown  
  74  6:40  Terran Vehicle Weapons Level 1  
  74  6:47  Terran Infantry Weapons Level 2  
  74  6:57  Medivac  
  74  6:58  Marine x2  
  78  7:10  Barracks  
  78  7:11  Barracks  
  78  7:29  Supply Depot  
  78  7:30  Supply Depot  
  78  7:31  Supply Depot  
  78  7:49  Medivac x2, Unknown, Marine x6, Siege Tank  
  91  7:51  Supply Depot  
  91  7:52  SCV  
  92  8:01  Orbital Command  
  92  8:02  Barracks Tech Lab, Barracks Reactor  
  92  8:04  SCV  
  93  8:07  Marine x6  
  99  8:12  Terran Infantry Armor Level 2  
  99  8:22  Siege Tank  
  99  8:24  SCV  
  99  8:25  Marauder, Marine x5  
  110  8:27  Orbital Command  
  110  8:30  SCV  
  111  8:36  SCV  
  112  8:42  SCV  
  112  8:43  Marine x5  
  112  8:46  Marine  
  119  8:48  SCV  
  119  8:51  Refinery  
  119  8:54  SCV  
  121  8:56  Refinery  
  121  8:58  Missile Turret  
  121  9:00  SCV, Marine x2  
  121  9:02  Sensor Tower  
  124  9:04  SCV  
  125  9:38  Supply Depot  
  125  9:39  Supply Depot  
  125  9:40  Supply Depot x2  
  125  9:41  Terran Infantry Weapons Level 3, Terran Vehicle Weapons Level 2  
  125  9:43  Supply Depot, Liberator x2  
  125  9:46  Marine x2  
  125  10:00  SCV x2, Marine x4, Siege Tank  
  125  10:02  Factory  
  125  10:03  Marine x2  
  142  10:07  Starport  
  142  10:16  Armory  
  142  10:18  Marauder, Marine x2  
  146  10:32  Siege Tank  
  148  10:39  Marine x2  
  132  10:47  Marine  
  132  10:48  Marine x5  
  113  11:02  Marine x3  
  100  11:05  Marine x2  
  100  11:06  Marine x4  
  100  11:10  SCV  
  97  11:19  Marine x2  
  97  11:20  Marine  
  97  11:23  SCV, Marine x2  
  103  11:26  Medivac x2  
  103  11:29  Starport Reactor  
  103  11:31  Factory Tech Lab  
  107  11:33  Marine  
  107  11:35  SCV  
  102  11:47  SCV  
  102  11:51  Command Center, Unknown  
  103  11:56  Medivac, Terran Ship Weapons Level 1  
  103  11:57  Terran Vehicle And Ship Armor Level 1  
  103  11:59  SCV  
  106  12:04  Command Center, Unknown  
  106  12:08  Missile Turret x2  
  104  12:10  Terran Infantry Armor Level 3  
  104  12:14  Viking x2  
  106  12:18  Hi-Sec Auto Tracking  
  106  12:22  SCV  
  106  12:27  Marine  
  106  12:28  Missile Turret, Marine x2  
  106  12:29  Marauder x3  
  115  12:32  Viking  
  115  12:35  SCV  
  117  12:44  Viking x2  
  117  12:50  SCV, Missile Turret  
  120  12:54  Marine x2  
  120  12:58  SCV  
  123  12:59  Marine x4  
  123  13:02  SCV  
  123  13:05  Marine x2  
  130  13:14  SCV  
  130  13:15  Unknown  
  117  13:20  Marine x7  
  117  13:22  Marine x2  
  117  13:24  Orbital Command  
  117  13:26  SCV  
  124  13:27  Medivac  
  126  13:37  Marine  
  126  13:38  Marine x2  
  129  13:52  Building Armor  
  129  14:02  Marine x3  
  132  14:04  Widow Mine x2  
  132  14:08  Medivac  
  132  14:09  Medivac  
  140  14:14  Unknown  
  105  14:18  Marine x3  
  105  14:21  Marine x5  
  105  14:22  Marine  
  88  14:32  Widow Mine x2  
  88  14:36  Marine x3  
  91  14:38  Marine  
  91  14:39  Marine x4  
  91  14:40  Marauder  
  91  14:41  Orbital Command  
  80  15:00  Marine  
Show
View Real Time Build Order
Export as new Build Order

TCLegacy Terran - Winner!

Build Orders: Reaper Expand 

Get SALT Encoding   

  12  0:02  SCV  
  13  0:14  SCV  
  14  0:18  Supply Depot  
  14  0:26  SCV  
  15  0:29  Refinery  
  15  0:40  SCV  
  16  0:43  Engineering Bay  
  16  0:52  SCV  
  17  1:04  SCV  
  18  1:12  Barracks  
  18  1:19  SCV  
  19  1:42  Refinery  
  19  1:51  Planetary Fortress  
  19  2:07  Command Center, Unknown, Reaper  
  20  2:21  Missile Turret  
  20  2:25  Missile Turret  
  20  2:27  SCV  
  21  2:39  SCV  
  22  2:51  Missile Turret, SCV  
  23  3:02  Supply Depot  
  23  3:18  SCV, Unknown, Reaper, Planetary Fortress  
  23  3:44  Supply Depot  
  23  3:55  SCV  
  24  3:58  SCV  
  25  4:07  SCV  
  26  4:10  SCV, Barracks Tech Lab, Command Center, Unknown  
  27  4:19  SCV  
  27  4:22  SCV  
  29  4:40  SCV x2  
  31  4:49  Ghost Academy  
  31  4:50  Barracks  
  31  4:53  SCV, Barracks  
  32  5:12  SCV x2  
  33  5:17  Missile Turret  
  33  5:19  Missile Turret  
  33  5:21  Unknown  
  33  5:24  SCV x2  
  35  5:29  Orbital Command  
  35  5:36  SCV x2, Personal Cloaking  
  35  5:40  Barracks Tech Lab  
  37  5:43  Orbital Command  
  37  5:47  Barracks Tech Lab  
  37  5:50  SCV  
  37  5:51  SCV  
  37  5:54  Refinery  
  39  5:58  Terran Infantry Armor Level 1  
  39  6:03  SCV x2  
  41  6:07  Ghost  
  43  6:12  SCV  
  43  6:15  SCV x2  
  46  6:24  SCV, Ghost  
  49  6:27  SCV x2, Ghost  
  53  6:36  SCV, Factory  
  54  6:46  Ghost  
  54  6:49  SCV x3  
  54  6:53  Ghost  
  61  6:56  Supply Depot  
  61  6:57  Refinery  
  61  7:01  SCV x2  
  61  7:03  Ghost  
  65  7:15  SCV  
  65  7:16  SCV x2  
  65  7:21  Factory Tech Lab  
  68  7:24  Ghost  
  68  7:27  Ghost, Starport  
  68  7:28  SCV  
  73  7:36  Supply Depot x2  
  73  7:41  Orbital Command  
  73  7:44  Ghost  
  73  7:50  SCV x2  
  77  7:57  Ghost, Siege Tank  
  81  8:02  SCV  
  81  8:03  Nuke  
  82  8:09  Ghost Academy  
  82  8:12  Starport Reactor  
  82  8:24  Ghost x2  
  82  8:25  Ghost  
  88  8:27  SCV  
  88  8:28  SCV x2  
  91  8:42  Terran Infantry Weapons Level 1  
  91  8:50  Nuke  
  91  8:56  Ghost  
  93  9:06  Refinery  
  93  9:07  Refinery  
  93  9:13  Command Center, Unknown  
  93  9:15  Command Center, Unknown  
  93  9:34  Supply Depot  
  93  9:36  Supply Depot  
  93  9:38  Supply Depot x2, Liberator x2  
  93  9:55  SCV x2  
  93  9:57  Ghost  
  93  9:58  SCV, Siege Tank  
  107  10:00  Supply Depot  
  107  10:01  Supply Depot  
  107  10:15  Ghost x2  
  111  10:21  Liberator x2  
  111  10:25  Unknown  
  111  10:26  Unknown  
  111  10:30  Siege Tank  
  109  11:08  SCV x3  
  112  11:14  Orbital Command x2  
  106  11:20  SCV x2  
  106  11:22  Refinery  
  106  11:23  Medivac x2  
  112  11:30  Barracks Tech Lab  
  112  11:34  Ghost  
  112  11:35  Ghost  
  116  11:40  SCV x3, Barracks  
  116  11:42  Barracks  
  119  11:52  SCV x2, Siege Tank  
  124  12:03  Ghost x2  
  125  12:16  Armory  
  122  12:22  Medivac  
  122  12:23  Medivac  
  122  12:24  Siege Tank  
  129  12:31  Ghost  
  129  12:32  Ghost  
  133  12:41  Ghost  
  132  12:52  Medivac  
  132  12:54  Barracks Tech Lab x2  
  132  12:57  Siege Tank  
  134  13:00  Ghost x2  
  134  13:02  Orbital Command  
  138  13:10  Ghost  
  140  13:18  Orbital Command  
  140  13:28  Ghost  
  140  13:29  Ghost  
  144  13:38  Ghost  
  144  13:41  Medivac x2, Command Center, Unknown  
  146  13:42  Command Center, Unknown  
  146  13:46  Ghost  
  152  13:49  SCV  
  152  13:54  SCV x2  
  155  14:16  SCV x2  
  155  14:48  Medivac  
  155  14:52  Unknown  
  153  14:53  Unknown  
Tags
 
Add a new tag
Caveats
  • Supply blocks, unpowered buildings, or Contaminate may cause inaccurate times.
  • Supply counts are checked every 10 seconds.